 Dungeon Crawl Stone Soup version 0.27-a0-343-gfcad680f63 (webtiles) character file.

Game seed: 15644560175022025613

107 skwiii the Ogre Mage (level 4, -1/39 HPs)
             Began as an Ogre Venom Mage on Feb 14, 2021.
             Slain by Sigmund
             ... wielding a +0 scythe
              (7 damage)
             ... on level 3 of the Dungeon.
             The game lasted 00:09:30 (4111 turns).

skwiii the Ogre Mage (Ogre Venom Mage)              Turns: 4111, Time: 00:09:30

Health: -1/39      AC:  5    Str: 12    XL:     4   Next: 85%
Magic:  2/9        EV: 10    Int: 19    God:
Gold:   166        SH:  0    Dex:  9    Spells: 7/10 levels left

rFire    . . .     SeeInvis .   (no weapon)
rCold    + . .     Faith    .   (no shield)
rNeg     . . .     Spirit   .   a - +0 robe
rPois    .         Reflect  .   o - +2 hat
rElec    .         Harm     .   (no cloak)
rCorr    .         Rampage  .   (gloves unavailable)
Will     .....                  (boots unavailable)
Stlth    +.........             (no amulet)
HPRegen  0.13/turn              (no ring)
MPRegen  0.11/turn              (no ring)

@: no status effects
A: large, unfitting armour, horns 1, clever 1, cold resistance 1, tough skin 1
a: no special abilities


You were on level 3 of the Dungeon.
You visited 1 branch of the dungeon, and saw 4 of its levels.

You collected 166 gold pieces.

Inventory:

Missiles
 b - 31 stones
Armour
 a - a +0 robe (worn)
 o - a +2 hat (worn)
Jewellery
 j - a ring of protection from cold
Wands
 t - a wand of charming (9)
Scrolls
 c - a scroll of noise
 e - a scroll of teleportation
 h - a scroll of immolation {unknown}
 l - a scroll of identify
 m - a scroll of blinking {unknown}
 r - a scroll of enchant armour {unknown}
Potions
 d - a potion of haste {unknown}
 f - a potion of berserk rage {unknown}
 g - a potion of brilliance {unknown}
 i - a potion of mutation
 k - a potion of might
 n - a potion of resistance {unknown}
 p - a potion of attraction {unknown}
 q - a potion of lignification {unknown}
 s - a potion of curing {unknown}
 u - a potion of heal wounds


   Skills:
 + Level 2.3 Dodging
 - Level 1.4 Stealth
 * Level 3.6 Spellcasting
 + Level 1.6 Transmutations
 + Level 0.8 Air Magic
 * Level 3.4 Poison Magic


You had 7 spell levels left.
You knew the following spells:

 Your Spells              Type           Power        Failure   Level
a - Sting                 Tmut/Pois      52%          4%          1
b - Poisonous Vapours     Pois/Air       22%          9%          2

Your spell library contained the following spells:

 Spells                   Type           Power        Failure   Level
 Summon Small Mammal      Summ           12%          14%         1
 Call Imp                 Summ           3%           22%         2
 Ignite Poison            Fire/Tmut/Pois 9%           22%         3
 Mephitic Cloud           Conj/Pois/Air  8%           24%         3
 Olgreb's Toxic Radiance  Pois           16%          34%         4
 Call Canine Familiar     Summ           3%           41%         3
 Summon Guardian Golem    Hex/Summ       3%           41%         3
 Summon Lightning Spire   Summ/Air       5%           77%         4
 Summon Ice Beast         Ice/Summ       3%           82%         4


Dungeon Overview and Level Annotations

Branches:
Dungeon (4/15)
 Temple: D:4-7

Altars:
Qazlal
The Shining One

Annotations:
D:3 Sigmund


Innate Abilities, Weirdness & Mutations

You are too large for most types of armour.
You have tough skin. (AC +1)
You have a pair of small horns on your head.
Your mind is acute. (Int +2)
Your flesh is cold resistant. (rC+)


Message History

Aim: a hobgoblin (poisoned, 29% to evade)
The sting misses the hobgoblin.
The hobgoblin closely misses you.
Sigmund casts a spell at himself.
Sigmund flickers and vanishes!
Deactivating autopickup; reactivate with Ctrl-A.
Casting: Sting (safe; 4% risk of failure)
Confirm with . or Enter, or press ? or * to list all spells.
Aiming: Poisonous Vapours (safe; 9% risk of failure)
Press: ? - help, Dir - move target, p - hobgoblin Poisonous vapours surround something!
The hobgoblin hits you.
Casting: Poisonous Vapours (safe; 9% risk of failure)
Confirm with . or Enter, or press ? or * to list all spells.
Aiming: Poisonous Vapours (safe; 9% risk of failure)
Press: ? - help, Dir - move target Poisonous vapours surround something!
The hobgoblin closely misses you.
Unknown command.
Aiming: Sting (safe; 4% risk of failure)
Press: ? - help, Q - select action, (/) - cycle Shift-Dir - straight line, f - hobgoblin
Aim: a hobgoblin (poisoned, 29% to evade)
The sting hits the hobgoblin.
The hobgoblin looks even sicker.
The hobgoblin is severely wounded.
You kill the hobgoblin!
Something hits you!
You are confused.
You're too confused to move!
Something hits you!
You hear some strange, mumbled words.
Something tries to affect you, but you resist.
You're too confused to cast spells.
Something hits you.
Unknown command.
Something hits you!
* * * LOW HITPOINT WARNING * * *
You are too confused!
Unknown command.
You are too confused!
You feel less confused. Something hits you!
You die...

..######.##.#≈§≈≈#.## ###
#.##.#§>.≈#..### #
#....#≈_.≈#....#
###..#≈≈≈≈#..#.# #####
##.######.##.# ...<#####
#........##.##### ##......#
#........##.....#
#.#.###.#####.......#####.#
.##.# #.........@...# #.#
.##.###.#####.......# #.#
.##.....# ##..{..## #.#
#.###.### ##...## ##.##
##...## ........ #...#
##.## ###.##### #...#
#.######.# #.# #...#
#........# ..# ##.##
#..####### ###.. #.#


There were no monsters in sight!

Vanquished Creatures
  An orc wizard (D:3)
  2 adders (D:3)
  3 worms
  2 dart slugs (D:1)
  A leopard gecko (D:2)
  3 orcs (D:3)
  4 giant cockroaches
  4 hobgoblins
  2 jackals (D:3)
  5 kobolds
  9 bats
  2 frilled lizards
  5 goblins
  5 rats
48 creatures vanquished.

Vanquished Creatures (others)
  10 fungi (D:3)
  2 toadstools (D:3)
12 creatures vanquished.

Grand Total: 60 creatures vanquished

Notes
Turn   | Place    | Note
-------+----------+-------------------------------------------
     0 | D:1      | skwiii the Ogre Venom Mage began the quest for the Orb.
     0 | D:1      | Reached XP level 1. HP: 16/16 MP: 3/3
   238 | D:1      | Reached skill level 1 in Transmutations
   346 | D:1      | Reached XP level 2. HP: 24/24 MP: 1/5
  1734 | D:2      | Reached XP level 3. HP: 31/31 MP: 4/7
  1737 | D:2      | Learned a level 2 spell: Poisonous Vapours
  3280 | D:3      | Reached XP level 4. HP: 39/39 MP: 5/8
  3350 | D:4      | Found a stormy altar of Qazlal.
  3978 | D:3      | Found a glowing golden altar of the Shining One.
  4042 | D:3      | Gained mutation: Your flesh is cold resistant. (rC+)
                  | [potion of mutation]
  4042 | D:3      | Gained mutation: You have a pair of small horns on your
                  | head. [potion of mutation]
  4042 | D:3      | Gained mutation: Your mind is acute. (Int +2) [potion of
                  | mutation]
  4097 | D:3      | Noticed Sigmund
  4111 | D:3      | Slain by Sigmund

Illustrated notes

Levels and vault maps discovered:
D:1:      lightli_arrival_lavapool, layout_basic
D:2:      layout_loops_corners, minmay_misc_feat_secret_circle
D:3:      layout_loops_ring, general_overflow_altar, minmay_gold_behind_fungi,
          uniq_sigmund
D:4:      layout_cave_pods, lemuel_crystal_altar, serial_glass, glass_columns_a,
          glass_columns_a, minmay_strange_pillars, due_unseen_surprise,
          feat_on_display, item_on_display_a, st_stairs_3,
          corexii_hall_statues_l, minmay_fountain_box, grunt_ministairs_6,
          uniq_pikel

Skill      XL: |  1  2 |
---------------+-------+-----
Transmutations | 1 |  1.6
Dodging        | 2 |  2.3
Poison Magic   | 3 |  3.4
Spellcasting   | 3 |  3.6
Stealth        | |  1.4
Air Magic      | |  0.8

Action                   |  1- 3 |  4- 6 || total
-------------------------+-------+-------++-------
Melee: Unarmed           |       |     2 ||     2
 Cast: Sting             |    59 |     4 ||    63
       Poisonous Vapours |    18 |    17 ||    35
  Use: Scroll            |       |     4 ||     4
       Potion            |       |     3 ||     3
Armor: Robe              |    13 |     7 ||    20
Dodge: Dodged            |    14 |    10 ||    24

Table legend: (Time is in decaauts)
 A = Elapsed time spent in this place.
 B = Non-inter-level travel time spent in this place.
 C = Inter-level travel time spent in this place.
 D = Time resting spent in this place.
 E = Time spent auto-exploring this place.
 F = Levels seen in this place.
 G = Mean time per level.
                   A        B        C        D        E       F      G
               +--------+--------+--------+--------+--------+-----+--------+
         Total |   4110 |   4013 |     97 |   1350 |   1922 |   4 | 1027.5 |
       Dungeon |   4110 |   4013 |     97 |   1350 |   1922 |   4 | 1027.5 |
               +--------+--------+--------+--------+--------+-----+--------+

Top non-repeatable levels by time:
     D:1: 1685 daAuts
     D:2: 1303 daAuts
     D:3: 892 daAuts
     D:4: 229 daAuts
